[Event "*** Titled Tuesday Blitz"]
[Site "Chess.com"]
[Date "2021.02.16"]
[Round "3"]
[White "Andrakhanova"]
[Black "noblerone"]
[Result "1-0"]
[WhiteElo "2257"]
[BlackElo "2404"]
[TimeControl "180+1"]
[EndTime "10:29:23 PST"]
[Termination "Andrakhanova won by resignation"]

1. c4 c6 2. e4 d5 3. exd5 cxd5 4.
d4 Nf6 5. Nc3 e6 6. Nf3 Be7 7.
Bd3 dxc4 8. Bxc4 O-O 9. O-O a6 10. Re1 b5 11. Bd3 Bb7 12. a3 Nbd7 13. Bf4 Nb6 14.
Rc1 Rc8 15. Bb1 Nbd5 16. Be5 Nxc3 17. bxc3 Bxa3 18. Rc2 Be7 19. Qd3 g6 20. h4 Ng4 21.
h5 Qd5 22. hxg6 fxg6 23. Ba2 Rc4 24. Bg3 Rf5 25. Qe2 Bc8 26. Nd2 Bf6 27. Nxc4 bxc4 28. Bxc4 Qd6 29. Bxd6 1-0

[Event "*** Titled Tuesday Blitz"]
[Site "Chess.com"]
[Date "2021.02.16"]
[Round "3"]
[White "remi04"]
[Black "12teen"]
[Result "0-1"]
[WhiteElo "2621"]
[BlackElo "2870"]
[TimeControl "180+1"]
[EndTime "10:29:26 PST"]
[Termination "12teen won by resignation"]

1. e4 e6 2. d4 a6 3. c4 b5 4. cxb5 axb5 5. Nf3 Bb7 6. Bd3 b4 7. O-O Nf6 8. Nbd2 d5 9. e5 Nfd7 10. Nb3 c5 11. dxc5 Nxc5 12. Nxc5 Bxc5 13. Bg5 Qb6 14. Qc2 h6 15. Bd2 Nd7 16. Kh1 O-O 17. Bf4 Rfc8 18.
Qe2 Bf8 19. h4 Ba6 20. g4 Bxd3 21. Qxd3 Rc4 22. Be3 Qc7 23. Bd4 Bc5 24. Bxc5 Nxc5 25. Qe3 Re4 26. Qd2 Rxg4 27. Rg1 Ne4 28. Qe3 Rxg1+ 29.
Rxg1 Kh8 30. Rg2 Rxa2 31. Qf4 Rxb2 32. Nd4 Rb1+ 33. Kh2 Qc1 34. Qxc1 Rxc1 35. f3 Nc5 36. Rb2 Nd3 37. Rb3 Rc3 38. Rb1 Rc4 0-1

[Event "*** Titled Tuesday Blitz"]
[Site "Chess.com"]
[Date "2021.02.16"]
[Round "3"]
[White "Zq1"]
[Black "Arseniy_Nesterov"]
[Result "0-1"]
[WhiteElo "2522"]
[BlackElo "2804"]
[TimeControl "180+1"]
[EndTime "10:29:26 PST"]
[Termination "Arseniy_Nesterov won by resignation"]

1. Nf3 d5 2. c4 d4 3. e3 Nc6 4. a3 e5 5. b4 e4 6. b5 dxe3 7. bxc6 exf2+ 8. Kxf2 exf3 9. Qxf3 Qd4+ 10. Qe3+ Qxe3+ 11. Kxe3 Nf6 12. Be2 bxc6 13. Bf3 Bd7 14. Bb2 O-O-O 15.
Nc3 Bc5+ 16. d4 Rhe8+ 17. Ne4 Nxe4 18. Bxe4 Bf5 19. dxc5 Rxe4+ 0-1

[Event "*** Titled Tuesday Blitz"]
[Site "Chess.com"]
[Date "2021.02.16"]
[Round "3"]
[White "Spalir"]
[Black "dolynachess"]
[Result "1-0"]
[WhiteElo "2659"]
[BlackElo "2423"]
[TimeControl "180+1"]
[EndTime "10:29:28 PST"]
[Termination "Spalir won by resignation"]

1. e4 c5 2. Nf3 d6 3. d4 cxd4 4. Nxd4 Nf6 5. f3 g6 6. Nc3 Bg7 7. Be3 O-O 8. Qd2 Nc6 9. Bc4 Bd7 10. O-O-O Qa5 11. Bb3 Rfc8 12. Kb1 Ne5 13. h4 Nc4 14. Bxc4 Rxc4 15. Nb3 Qe5 16. Bd4 Qe6 17. g4 Rac8 18. h5 b5 19. hxg6 hxg6 20. g5 Nh5 21. Bxg7 Kxg7 22.
Nd4 Qe5 23. Rh4 b4 24. Nd5 a5 25. Qe3 Qg3 26. Rhh1 e5 27. Ne2 Qg2 28. Rdg1 Nf4 29. Rxg2 Nxg2 30. Qf2 Rxc2 31. Qxg2 Bb5 32. Qh2 1-0

[Event "*** Titled Tuesday Blitz"]
[Site "Chess.com"]
[Date "2021.02.16"]
[Round "3"]
[White "Eloist"]
[Black "Maddie"]
[Result "1-0"]
[WhiteElo "2412"]
[BlackElo "2038"]
[TimeControl "180+1"]
[EndTime "10:29:28 PST"]
[Termination "Eloist won by resignation"]

1. e4 c6 2. Nf3 d5 3. Nc3 dxe4 4. Nxe4 Nd7 5. Qe2 e6 6. d4 Ngf6 7. Bf4 Nxe4 8. Qxe4 Nf6 9. Qd3 Be7 10. O-O-O Nd5 11. Bg3 Bd7 12. Kb1 Qb6 13. c4 Nb4 14.
Qe4 Qa5 15. a3 Na6 16. Ne5 Bxa3 17. Nxd7 Qb4 18. Qc2 Kxd7 19. Be2 Qb6 20. c5 Qb4 21. Rd3 Bxb2 22. Rb3 Qa5 23. Qxb2 Ke7 24. Rxb7+ 1-0

[Event "*** Titled Tuesday Blitz"]
[Site "Chess.com"]
[Date "2021.02.16"]
[Round "3"]
[White "DJojua"]
[Black "Kotofeyca"]
[Result "1-0"]
[WhiteElo "2786"]
[BlackElo "2441"]
[TimeControl "180+1"]
[EndTime "10:29:29 PST"]
[Termination "DJojua won by checkmate"]

1. d4 d5 2. Bf4 c6 3. e3 Nf6 4. c4 Bg4 5. Qb3 Qc8 6. Nc3 e6 7. Rc1 Nbd7 8. cxd5 exd5 9. Nb5 Nh5 10. Nc7+ Kd8 11.
Nxa8 Nxf4 12. exf4 Qxa8 13. Bd3 f6 14. h3 Bh5 15. Ne2 Bd6 16. g4 Bf7 17. Kd2 Kc7 18.
Kc2 Nb6 19. Kb1 Nc4 20. Qc3 Qe8 21. Rhe1 h5 22. g5 Qf8 23. g6 Bb4 24. Qc2 Bxe1 25.
Rxe1 Qb4 26. Qc3 Qxc3 27. Nxc3 Be8 28. Re7+ Kb6 29. Rxg7 Nd6 30. Na4+ Ka5 31. Nc5 b6 32. Rxa7+ Kb4 33. a3# 1-0

[Event "*** Titled Tuesday Blitz"]
[Site "Chess.com"]
[Date "2021.02.16"]
[Round "3"]
[White "RobertoJBM"]
[Black "JimmmyZhang"]
[Result "0-1"]
[WhiteElo "2708"]
[BlackElo "2447"]
[TimeControl "180+1"]
[EndTime "10:29:29 PST"]
[Termination "JimmmyZhang won by resignation"]

1. d4 Nf6 2. Nf3 g6 3. e3 Bg7 4. Be2 O-O 5. O-O d6 6. c4 Nbd7 7. Nc3 c5 8. b3 cxd4 9. Nxd4 a6 10. Bb2 Qc7 11. Rc1 b6 12. Bf3 Bb7 13. Bxb7 Qxb7 14. Qe2 Rac8 15. Rfd1 Rfd8 16. Nf3 Nc5 17. h3 Nce4 18.
Nxe4 Nxe4 19. Bxg7 Kxg7 20. Nd4 e5 21. Nf3 b5 22.
Qd3 b4 23. Rc2 Nc3 24. Re1 f6 25. Nd2 d5 26. cxd5 Rxd5 27. Qf1 Ne2+ 28. Rxe2 Rxc2 29. Nc4 Rxe2 30. Qxe2 Qd7 31. Kh2 e4 32. Qc2 Qc7+ 33. g3 Rd3 34. h4 h5 35. Qb2 Qd7 36. Kg2 Qf5 37. Qe2 a5 38. Nb2 Rc3 39. Nc4 a4 40. Nd6 Qf3+ 41. Qxf3 exf3+ 42. Kxf3 axb3 43. axb3 Rxb3 0-1

[Event "*** Titled Tuesday Blitz"]
[Site "Chess.com"]
[Date "2021.02.16"]
[Round "3"]
[White "Kislov_Oleg"]
[Black "1977Ivan"]
[Result "0-1"]
[WhiteElo "2525"]
[BlackElo "2741"]
[TimeControl "180+1"]
[EndTime "10:29:30 PST"]
[Termination "1977Ivan won by resignation"]

1. e4 c5 2. Nf3 e6 3. c3 d5 4.
exd5 exd5 5. d4 a6 6. Be2 c4 7. b3 cxb3 8. axb3 Bd6 9. O-O Ne7 10. Ba3 Nbc6 11. Re1 O-O 12. Nbd2 Ng6 13. g3 Bxa3 14.
Rxa3 Bf5 15. Nf1 Rc8 16. Ne3 Bh3 17. Qd2 h6 18. c4 Nge7 19. Raa1 Re8 20. Rad1 Qd6 21.
c5 Qf6 22. b4 Rcd8 23. Rb1 Nf5 24. Nxf5 Bxf5 25. Rbd1 Bg4 26. Ne5 Bxe2 27. Qxe2 Nxb4 28. Qb2 a5 29. Ra1 Ra8 30. f4 Qf5 31. Ra3 f6 32. Nf3 Rxe1+ 33. Nxe1 Re8 34. Qf2 Qb1 35. Kf1 Rxe1+ 36. Qxe1 Qxe1+ 37. Kxe1 Nc2+ 0-1

[Event "*** Titled Tuesday Blitz"]
[Site "Chess.com"]
[Date "2021.02.16"]
[Round "3"]
[White "Sadykov_Ramil"]
[Black "TigrVShlyape"]
[Result "0-1"]
[WhiteElo "2545"]
[BlackElo "2915"]
[TimeControl "180+1"]
[EndTime "10:29:30 PST"]
[Termination "TigrVShlyape won on time"]

1. e4 e5 2. Nf3 Nc6 3. Bc4 Nf6 4. d3 h6 5. O-O d6 6. h3 g6 7. Re1 Bg7 8. c3 O-O 9. a4 a5 10. Ba2 Kh8 11. Nbd2 Be6 12. Nf1 Bxa2 13. Rxa2 Qd7 14.
b3 Rfe8 15. Rae2 d5 16. Qc2 Rad8 17. Ne3 dxe4 18. dxe4 Qd3 19. Nc4 Qxc2 20. Rxc2 Bf8 21. Kf1 Kg7 22. Rd2 Rxd2 23. Nfxd2 Bc5 24. Ke2 Nd7 25.
Nf1 Nf8 26. Be3 Ne6 27. g3 f5 28. Rb1 b6 29. g4 f4 30. Bxc5 Nxc5 31. Nfd2 Kf6 32. Nf3 Nxe4 0-1

[Event "*** Titled Tuesday Blitz"]
[Site "Chess.com"]
[Date "2021.02.16"]
[Round "3"]
[White "Azde"]
[Black "EugeneRougon"]
[Result "0-1"]
[WhiteElo "2437"]
[BlackElo "2731"]
[TimeControl "180+1"]
[EndTime "10:29:32 PST"]
[Termination "EugeneRougon won by resignation"]

1. d4 d5 2. c4 c6 3. Nc3 Nf6 4. Nf3 e6 5. Bg5 h6 6. Bxf6 Qxf6 7. e3 Nd7 8. Bd3 g6 9. O-O Bg7 10. e4 dxc4 11. Bxc4 e5 12. d5 O-O 13. Bb3 Nc5 14. Bc2 Bg4 15. h3 Bxf3 16. Qxf3 Qxf3 17. gxf3 cxd5 18. Nxd5 Ne6 19. Kg2 Rfd8 20. Rfd1 Bf8 21. Bd3 Kg7 22. Rac1 Rac8 23. Rxc8 Rxc8 24. Kf1 h5 25.
Ke2 h4 26. Kf1 Rc6 27. Kg2 Bc5 28. Rc1 Bd4 29. Rxc6 bxc6 30. Ne7 Nf4+ 0-1

[Event "*** Titled Tuesday Blitz"]
[Site "Chess.com"]
[Date "2021.02.16"]
[Round "3"]
[White "jd001"]
[Black "oneshot007"]
[Result "0-1"]
[WhiteElo "2281"]
[BlackElo "2507"]
[TimeControl "180+1"]
[EndTime "10:29:32 PST"]
[Termination "oneshot007 won by resignation"]

1. d4 d5 2. c4 Nc6 3. e3 e6 4. Nc3 Nf6 5. Nf3 Bb4 6. a3 Bxc3+ 7. bxc3 O-O 8. Bd3 Ne7 9. cxd5 exd5 10. Qc2 c6 11.
O-O Re8 12. a4 Ng6 13. c4 Bg4 14. Nd2 Qd7 15. Ba3 Nh4 16. Rfb1 Bf5 17. Bxf5 Nxf5 18.
cxd5 cxd5 19. Nf3 Rac8 20. Qb3 b6 21. Ne5 Qe6 22. Rc1 Ne4 23. Qd3 f6 24. Nf3 g5 25. h3 h5 26. Rxc8 Rxc8 27. Rc1 Rxc1+ 28. Bxc1 Qc6 29. Qa3 Qc2 30. Qb2 Qd1+ 31. Kh2 g4 32. hxg4 hxg4 33. Ng1 Nxf2 34. Qxf2 g3+ 0-1

[Event "*** Titled Tuesday Blitz"]
[Site "Chess.com"]
[Date "2021.02.16"]
[Round "3"]
[White "chesslh19"]
[Black "marianokar"]
[Result "0-1"]
[WhiteElo "2249"]
[BlackElo "2433"]
[TimeControl "180+1"]
[EndTime "10:29:34 PST"]
[Termination "marianokar won on time"]

1. e4 d5 2. exd5 Qxd5 3. Nc3 Qd8 4. d4 Nf6 5. Nf3 g6 6. Bc4 Bg7 7. Ne5 O-O 8. O-O Nfd7 9. Nxd7 Nxd7 10. Be3 Nf6 11.
h3 a6 12. a4 b6 13. Qd2 Bb7 14. Rad1 Qd7 15. Bh6 Qc6 16. d5 Qxc4 17. Be3 Rad8 18.
b3 Qh4 19. Bg5 Qb4 20. Qe3 Rfe8 21. Rd4 Qc5 22. Rfd1 b5 23. Bf4 b4 24. Ne4 Nxe4 25.
Rxe4 Qxe3 26. Rxe3 Rxd5 27. Rxd5 Bxd5 28. Bxc7 e6 0-1

[Event "*** Titled Tuesday Blitz"]
[Site "Chess.com"]
[Date "2021.02.16"]
[Round "3"]
[White "Mr_Heisenberg13"]
[Black "Bacyanide"]
[Result "1-0"]
[WhiteElo "2691"]
[BlackElo "2429"]
[TimeControl "180+1"]
[EndTime "10:29:36 PST"]
[Termination "Mr_Heisenberg13 won by resignation"]

1. d4 f5 2. Bg5 g6 3. Nc3 Nh6 4. h4 Nf7 5. Bf4 Bg7 6. Nf3 d6 7. e4 fxe4 8. Nxe4 O-O 9. Qd2 Nc6 10. O-O-O Bg4 11. d5 Nce5 12. Nxe5 dxe5 13. Be3 Bxd1 14. Qxd1 c6 15. Bc4 Nd6 16. Nxd6 Qxd6 17. dxc6+ Kh8 18. Qxd6 exd6 19. cxb7 Rab8 20. Bd5 Rfe8 21. Bxa7 Rbd8 22. Re1 Bf6 23. Re4 Rf8 24. Rb4 Rb8 25. Bxb8 Rxb8 26. Ra4 Bd8 27. Rc4 1-0

[Event "*** Titled Tuesday Blitz"]
[Site "Chess.com"]
[Date "2021.02.16"]
[Round "3"]
[White "Natalya_Buksa"]
[Black "ViktoriyaTarasova"]
[Result "1-0"]
[WhiteElo "2529"]
[BlackElo "2285"]
[TimeControl "180+1"]
[EndTime "10:29:36 PST"]
[Termination "Natalya_Buksa won by resignation"]

1. d4 Nf6 2. Nc3 d5 3. Bf4 Bf5 4. e3 c6 5. Nf3 h6 6. Ne5 Nbd7 7. g4 Bh7 8. h4 Nxe5 9. Bxe5 Nd7 10. Bg3 e6 11. Bd3 Bxd3 12. Qxd3 Bb4 13. a3 Bxc3+ 14. Qxc3 Qe7 15. O-O-O Rc8 16. g5 h5 17. f3 g6 18.
e4 O-O 19. Rhe1 Nb6 20. Be5 Nd7 21. Bg3 Rfd8 22. Re2 b5 23. Qd3 a6 24. Kb1 Qf8 25.
Rde1 Nb6 26. Be5 Nd7 27. Bf4 Re8 28. Bd2 Qd6 29. Bb4 Qc7 30. Qd2 Qb7 31. Bd6 Nb6 32. Qf4 Nc4 33. Bc5 Nb6 34. Qd6 Nd7 35. Bb4 a5 36. Bxa5 Nb6 37. Bxb6 Qxb6 38. exd5 cxd5 39. Qxb6 1-0

[Event "*** Titled Tuesday Blitz"]
[Site "Chess.com"]
[Date "2021.02.16"]
[Round "3"]
[White "Orest_Vovk"]
[Black "Kaslask"]
[Result "1/2-1/2"]
[WhiteElo "2407"]
[BlackElo "2248"]
[TimeControl "180+1"]
[EndTime "10:29:37 PST"]
[Termination "Game drawn by repetition"]

1. g4 Nc6 2. Bg2 d5 3. h3 e5 4. c4 d4 5. Bxc6+ bxc6 6. Qa4 Bd7 7. d3 Ne7 8. Nf3 Ng6 9. Nbd2 f6 10. Ne4 Be7 11. Rg1 O-O 12. h4 c5 13. Qa5 Bc6 14.
h5 Nf4 15. Bxf4 exf4 16. Nxc5 Bxc5 17. Qxc5 Re8 18. Qxc6 Rb8 19. b3 Qe7 20. Nxd4 Qb4+ 21. Kf1 Qc3 22. Qd5+ Kh8 23. Kg2 Rbd8 24. Rac1 Qxd4 25.
Qxd4 Rxd4 26. Kf3 Rd6 27. g5 fxg5 28. Rxg5 Rde6 29. Rc2 h6 30. Rf5 R8e7 31. Rf8+ Kh7 32. Rxf4 Re5 33. Kg4 Rg5+ 34. Kh4 Ree5 35. e4 Rg2 36. d4 Reg5 37. Kh3 Rg1 38. Kh2 R5g2+ 39. Kh3 Rg5 40. Kh2 R5g2+ 41. Kh3 Rg5 1/2-1/2

[Event "*** Titled Tuesday Blitz"]
[Site "Chess.com"]
[Date "2021.02.16"]
[Round "3"]
[White "bsnsun"]
[Black "TimKett"]
[Result "1-0"]
[WhiteElo "2450"]
[BlackElo "2203"]
[TimeControl "180+1"]
[EndTime "10:29:38 PST"]
[Termination "bsnsun won by resignation"]

1. d4 d5 2. c4 e6 3. Nf3 Nf6 4. g3 c6 5. Bg2 Nbd7 6. Qc2 b6 7.
O-O Bb7 8. b3 Be7 9. Nc3 O-O 10. Rd1 Rc8 11. e4 dxe4 12. Nxe4 c5 13. Nxf6+ Bxf6 14. Bb2 cxd4 15. Bxd4 Qe7 16. Ng5 Bxg5 17.
Bxb7 Rcd8 18. Be4 f5 19. Bg2 Bf6 20. Bxf6 Qxf6 21. Re1 e5 22. Bd5+ Kh8 23. Rad1 e4 24. f4 Nc5 25. Re3 g5 26. fxg5 Qxg5 27. Qc3+ Qg7 28.
Qxg7+ Kxg7 29. Rf1 Kg6 30. h3 Nd3 31. g4 f4 32. Bxe4+ Kg5 33. Rxd3 1-0

[Event "*** Titled Tuesday Blitz"]
[Site "Chess.com"]
[Date "2021.02.16"]
[Round "3"]
[White "beto-betun"]
[Black "Julianos82"]
[Result "1-0"]
[WhiteElo "2194"]
[BlackElo "2349"]
[TimeControl "180+1"]
[EndTime "10:29:38 PST"]
[Termination "beto-betun won by resignation"]

1. d4 d5 2. Nf3 c6 3. g3 Bg4 4. Bg2 Nd7 5. O-O e6 6. c4 f5 7. b3 Ngf6 8. Ng5 f4 9. Bxf4 h6 10.
Nf3 Be7 11. Nbd2 O-O 12. Ne5 Nxe5 13. Bxe5 Bd6 14. Bxd6 Qxd6 15. Rc1 Rf7 16. f3 Bh5 17. Qc2 Re7 18. c5 Qc7 19. Rce1 e5 20. dxe5 Rxe5 21.
e3 Rae8 22. g4 Bxg4 23. fxg4 Nxg4 24. Qg6 Nxh2 25. Kxh2 Rxe3+ 26. Qd6 Qa5 27. Rxe3 Rxe3 28. Qf8+ 1-0

[Event "*** Titled Tuesday Blitz"]
[Site "Chess.com"]
[Date "2021.02.16"]
[Round "3"]
[White "eljanov"]
[Black "Zenzo"]
[Result "1-0"]
[WhiteElo "2852"]
[BlackElo "2613"]
[TimeControl "180+1"]
[EndTime "10:29:40 PST"]
[Termination "eljanov won by checkmate"]

1. e4 e5 2. Nf3 Nc6 3. Bc4 Bc5 4. c3 Nf6 5. d3 d6 6. O-O a6 7. Re1 Ba7 8. a4 h6 9. Nbd2 g5 10. b4 g4 11. Nh4 Nxe4 12. Nxe4 Qxh4 13. d4 Bf5 14. b5 Na5 15. Bd3 O-O-O 16. Nxd6+ Rxd6 17. Bxf5+ Kb8 18. Rxe5 Qf6 19. Qe2 Nb3 20. Rb1 Nxd4 21.
cxd4 Bxd4 22. Re8+ Rxe8 23. Qxe8+ Rd8 24. Qe4 axb5 25. Bf4 Qb6 26. Bg3 b4 27. Bxg4 Bc3 28.
Bf3 Rd2 29. a5 Qa6 30. Qe8+ Ka7 31. Bxc7 Qe6 32. Qb8+ Ka6 33. Qxb7# 1-0

[Event "*** Titled Tuesday Blitz"]
[Site "Chess.com"]
[Date "2021.02.16"]
[Round "3"]
[White "ferdipy"]
[Black "Khnykin_Nikolay"]
[Result "1-0"]
[WhiteElo "2335"]
[BlackElo "2078"]
[TimeControl "180+1"]
[EndTime "10:29:41 PST"]
[Termination "ferdipy won on time"]

1. e4 c5 2. d4 cxd4 3. c3 dxc3 4. Nxc3 e6 5. Bc4 Bc5 6. Nf3 a6 7. O-O b5 8. Bb3 Bb7 9. a3 d6 10. Qe2 Nf6 11. Rd1 O-O 12. e5 Ng4 13. exd6 Nxf2 14.
Rf1 Ng4+ 15. Kh1 Qb6 16. h3 Nf2+ 17. Kh2 Bxd6+ 18. g3 Bc5 19. Bc2 Nd7 20. Bg5 Bxf3 21. Qxf3 Ne5 22. Qg2 Nfg4+ 23. hxg4 Nxg4+ 24. Kh1 Nf2+ 25. Kh2 Ng4+ 26. Kh3 Nf2+ 27. Rxf2 Bxf2 28. Ne4 Bc5 29. Rc1 1-0

[Event "*** Titled Tuesday Blitz"]
[Site "Chess.com"]
[Date "2021.02.16"]
[Round "3"]
[White "GMKrikor"]
[Black "SARGISMV"]
[Result "1-0"]
[WhiteElo "2808"]
[BlackElo "2445"]
[TimeControl "180+1"]
[EndTime "10:29:42 PST"]
[Termination "GMKrikor won by resignation"]

1. Nf3 Nf6 2. c4 c5 3. Nc3 g6 4. e4 d6 5. d4 cxd4 6. Nxd4 Bg7 7. Be2 O-O 8. O-O Nc6 9. Be3 Bd7 10. h3 Nxd4 11.
Bxd4 Bc6 12. Qc2 a5 13. Rad1 Nd7 14. Bxg7 Kxg7 15. Bg4 Nf6 16. e5 Nxg4 17. hxg4 Qc8 18. exd6 Qxg4 19. Nd5 exd6 20. Qc3+ f6 21. f3 Qf5 22. g4 Qe5 23. Qxe5 dxe5 24. Nc7 Rac8 25. Ne6+ Kf7 26. Nxf8 Kxf8 27. Kf2 Ke7 28. Ke3 Ke6 29. Rd2 f5 30. gxf5+ gxf5 31. Rh1 Rc7 32. Rh6+ Kf7 33.
Rxh7+ Kg6 34. Rxc7 f4+ 35. Kf2 Kf5 36. Rxc6 bxc6 37.
Rd6 1-0

[Event "*** Titled Tuesday Blitz"]
[Site "Chess.com"]
[Date "2021.02.16"]
[Round "3"]
[White "Nemsko"]
[Black "Kretov_Evgenij"]
[Result "0-1"]
[WhiteElo "2337"]
[BlackElo "2627"]
[TimeControl "180+1"]
[EndTime "10:29:42 PST"]
[Termination "Kretov_Evgenij won by resignation"]

1. e4 c5 2. Nf3 Nc6 3. d4 cxd4 4. Nxd4 g6 5. Nc3 Bg7 6. Be3 Nf6 7. Bc4 O-O 8. h3 d6 9. O-O Bd7 10. a4 Nxd4 11. Bxd4 Bc6 12. f3 a6 13. a5 Nd7 14.
Bxg7 Kxg7 15. Qd4+ f6 16. Nd5 Rc8 17. Nf4 Nc5 18. b4 e5 19. Qxc5 dxc5 20. Ne6+ Kh6 21. Nxd8 Rfxd8 22. bxc5 Rd4 23. Bd3 Kg5 24. Kf2 h5 25.
Rfd1 h4 26. Ke3 Rcd8 27. Be2 f5 28. exf5 gxf5 29. c3 R4d5 30. Rxd5 Rxd5 31. c4 Rxc5 32.
Ra3 Kf6 33. f4 exf4+ 34. Kxf4 Bxg2 35. Rb3 Rxa5 36. Rb6+ Bc6 37. Bf3 Rc5 38. Bxc6 Rxc6 39. Rxb7 Rxc4+ 40. Kf3 a5 41. Rb6+ Kg5 42. Rb5 a4 43.
Ra5 Rc3+ 44. Kg2 a3 45. Ra4 Rc2+ 46. Kf3 a2 47. Ra3 Rh2 0-1

[Event "*** Titled Tuesday Blitz"]
[Site "Chess.com"]
[Date "2021.02.16"]
[Round "3"]
[White "Fortitudine"]
[Black "KeithArkell"]
[Result "0-1"]
[WhiteElo "2336"]
[BlackElo "2536"]
[TimeControl "180+1"]
[EndTime "10:29:44 PST"]
[Termination "KeithArkell won by checkmate"]

1. c4 c5 2. g3 Nc6 3. Bg2 Nf6 4. Nc3 g6 5. b3 Bg7 6. Bb2 O-O 7. Nf3 Nd4 8. e3 Nxf3+ 9. Qxf3 d6 10. h3 e5 11. d3 Rb8 12. O-O Bd7 13. Qe2 Bc6 14. Ne4 Re8 15. Rad1 Qd7 16. Kh2 b5 17. Nxf6+ Bxf6 18. Qg4 Re6 19. Bxc6 Qxc6 20. Qe4 Qxe4 21. dxe4 bxc4 22.
Rd2 cxb3 23. axb3 Rxb3 24. Ra1 Rb7 25. Ra6 Be7 26. Ba3 h5 27. Ra2 Bd8 28. Bc1 Bb6 29.
R2a4 Kg7 30. f4 f5 31. Bb2 Kf7 32. exf5 gxf5 33. fxe5 dxe5 34. Kg2 Rd7 35. Ba3 Rd2+ 36. Kf1 Red6 37. Rc4 Rh2 38. Kg1 Ra2 39. Bxc5 Rd1# 0-1

[Event "*** Titled Tuesday Blitz"]
[Site "Chess.com"]
[Date "2021.02.16"]
[Round "3"]
[White "IsaacWiebe"]
[Black "lucachess49"]
[Result "1-0"]
[WhiteElo "2199"]
[BlackElo "2353"]
[TimeControl "180+1"]
[EndTime "10:29:44 PST"]
[Termination "IsaacWiebe won by checkmate"]

1. b3 Nf6 2. Bb2 d6 3. c4 Nbd7 4. g3 g6 5. Bg2 Bg7 6. Nf3 O-O 7.
O-O c6 8. d3 e5 9. Nbd2 Qe7 10.
Rc1 b6 11. Qc2 Bb7 12. Rfd1 Rac8 13. Qb1 c5 14. Ne4 Nxe4 15. dxe4 f5 16. exf5 gxf5 17. Nh4 Bxg2 18. Kxg2 Qe6 19. Qd3 e4 20. Qxd6 Qxd6 21.
Rxd6 Bxb2 22. Rc2 Bf6 23. Rxd7 Bxh4 24. gxh4 Rf7 25. Rcd2 Rcf8 26. e3 Kg7 27. Kg3 Kf6 28.
Kf4 Ke6 29. R2d6# 1-0

[Event "*** Titled Tuesday Blitz"]
[Site "Chess.com"]
[Date "2021.02.16"]
[Round "3"]
[White "monalize"]
[Black "XxPetroffsxX"]
[Result "1-0"]
[WhiteElo "2348"]
[BlackElo "2116"]
[TimeControl "180+1"]
[EndTime "10:29:45 PST"]
[Termination "monalize won by resignation"]

1. e4 e5 2. Nf3 Nc6 3. Bb5 Nf6 4. d3 Bc5 5. c3 O-O 6. Bxc6 bxc6 7. Nxe5 Re8 8. Nf3 d5 9. e5 d4 10. O-O Ng4 11.
Qe2 Bf5 12. c4 f6 13. Bf4 fxe5 14. Nxe5 Nxe5 15. Bxe5 Bxd3 16. Qxd3 Rxe5 17. Nd2 Qf6 18. Ne4 Qe7 19. f3 Rd8 20. Rac1 Qf8 21. Rfd1 a5 22. a3 a4 23. Kh1 Be7 24. Qc2 c5 25. Qxa4 d3 26.
Qb3 Qf4 27. Rc3 d2 28. Qc2 Rh5 29. g3 Qh6 30. Rxd2 Rd4 31. Rcd3 Rxd3 32. Qxd3 Bg5 33. Qd5+ Kf8 34. Re2 1-0

[Event "*** Titled Tuesday Blitz"]
[Site "Chess.com"]
[Date "2021.02.16"]
[Round "3"]
[White "Trickster_Pony"]
[Black "NikolaN98"]
[Result "0-1"]
[WhiteElo "1505"]
[BlackElo "2470"]
[TimeControl "180+1"]
[EndTime "10:29:46 PST"]
[Termination "NikolaN98 won on time"]

1. c4 f5 2. g3 Nf6 3. Bg2 h5 4. Nf3 d6 5. d4 c6 6. Nc3 Qc7 7. O-O e5 8. dxe5 dxe5 9. Bg5 Be6 10. b3 Nbd7 11. Rc1 Bc5 12. a3 Bxa3 13. Rc2 Bc5 14.
b4 Bxb4 15. Nd5 Qa5 16. Nxf6+ gxf6 17. Bd2 O-O-O 18. Qb1 Bxd2 19. Ra2 Qb6 0-1

[Event "*** Titled Tuesday Blitz"]
[Site "Chess.com"]
[Date "2021.02.16"]
[Round "3"]
[White "Happy1712Drummer"]
[Black "Nikolakis2014"]
[Result "0-1"]
[WhiteElo "2423"]
[BlackElo "2641"]
[TimeControl "180+1"]
[EndTime "10:29:47 PST"]
[Termination "Nikolakis2014 won on time"]

1. Nf3 Nf6 2. d4 g6 3. c3 Bg7 4.
Bg5 d6 5. Nbd2 O-O 6. e3 Qe8 7. Bc4 Nc6 8. O-O e5 9. a4 a6 10. b4 h6 11. Bh4 Kh8 12. b5 Na5 13. Be2 Bd7 14. Qb1 axb5 15. axb5 b6 16. Qb4 Nd5 17. Qb2 f5 18. dxe5 dxe5 19. e4 Nf4 20. Rfe1 Nxe2+ 21. Rxe2 f4 22. c4 g5 23. Bxg5 hxg5 24. Nxg5 Qg6 25. Ngf3 Bh3 26. Nh4 Qh5 27. Ndf3 Nxc4 28. Qc1 Be6 29.
Rxa8 Rxa8 30. h3 Bf6 31. Rc2 Qf7 32. Nf5 Bxf5 0-1

[Event "*** Titled Tuesday Blitz"]
[Site "Chess.com"]
[Date "2021.02.16"]
[Round "3"]
[White "AlexNovitz"]
[Black "Triumphmate"]
[Result "1-0"]
[WhiteElo "2200"]
[BlackElo "2352"]
[TimeControl "180+1"]
[EndTime "10:29:47 PST"]
[Termination "AlexNovitz won by checkmate"]

1. e4 d5 2. exd5 Nf6 3. c4 c6 4. Nc3 cxd5 5. d4 Nc6 6. Be3 Bg4 7. Qb3 Rb8 8. h3 Be6 9. c5 Bf5 10. Nf3 e6 11. Bf4 Rc8 12. Qxb7 Be7 13. Bb5 Qd7 14.
Qa6 O-O 15. Ne5 Nxe5 16. Bxd7 Nexd7 17. O-O Ne4 18. Nxe4 Bxe4 19. b4 Bf6 20. Be3 Nb8 21.
Qxa7 Nc6 22. Qa4 Nxd4 23. Rad1 Bc2 24. Qa3 Bxd1 25. Bxd4 Be2 26. Bxf6 Bxf1 27. Qg3 g6 28. Kxf1 h5 29. Qg5 Kh7 30. g4 Rg8 31. gxh5 Ra8 32. hxg6+ Rxg6 33. Qh5+ Rh6 34. Qxf7# 1-0

[Event "*** Titled Tuesday Blitz"]
[Site "Chess.com"]
[Date "2021.02.16"]
[Round "3"]
[White "Galileo22"]
[Black "Aradhya2000"]
[Result "0-1"]
[WhiteElo "2375"]
[BlackElo "2576"]
[TimeControl "180+1"]
[EndTime "10:29:51 PST"]
[Termination "Aradhya2000 won by checkmate"]

1. d4 d5 2. Bg5 h6 3. Bh4 c5 4.
dxc5 g5 5. Bg3 Bg7 6. c3 Na6 7. e4 Nxc5 8. exd5 Nf6 9. Bc4 O-O 10. Ne2 Qb6 11. Nd2 Bg4 12. f3 Bf5 13. Bf2 Qd6 14. Ng3 Nd3+ 15. Bxd3 Bxd3 16. c4 Qe5+ 17. Nde4 Nxe4 18.
fxe4 Qxb2 19. Qxd3 Qxa1+ 20. Ke2 Qxa2+ 21. Kf3 Rac8 22. Be3 Rxc4 23. h4 Rc3 24. Qd1 g4+ 25. Kf4 e5+ 26. Kxg4 Rxe3 27. Nf5 Qxg2+ 28. Kh5 Qg6# 0-1

[Event "*** Titled Tuesday Blitz"]
[Site "Chess.com"]
[Date "2021.02.16"]
[Round "3"]
[White "GregShahade"]
[Black "rasmussvane"]
[Result "0-1"]
[WhiteElo "2654"]
[BlackElo "2919"]
[TimeControl "180+1"]
[EndTime "10:29:53 PST"]
[Termination "rasmussvane won by resignation"]

1. e4 c6 2. Nc3 d5 3. Nf3 dxe4 4.
Nxe4 Nf6 5. Qe2 Nxe4 6. Qxe4 Qa5 7. Bc4 Bf5 8. Qe2 e6 9. O-O Nd7 10. d4 Bd6 11. c3 O-O 12. Re1 Bg4 13. h3 Bh5 14. Bd3 Bg6 15. Bxg6 hxg6 16. Be3 Rfe8 17. a3 Rac8 18. Rad1 Qf5 19. Qd3 Nf6 20. Bc1 Nd5 21.
Re4 Nf6 22. Ree1 Bc7 23. Qxf5 gxf5 24. Kf1 Kf8 25. Ne5 Nd5 26. Nd3 Bd6 27. c4 Nf6 28. Bf4 Rcd8 29. Bxd6+ Rxd6 30. Ne5 Red8 31. Nf3 c5 32. d5 exd5 33. cxd5 Rxd5 34. Rc1 Ne4 35. Rc2 Rd3 36. Ke2 b6 37. Rec1 g6 38. b4 Rxa3 39. bxc5 Nxc5 40. Ne5 Re8 41. f4 f6 0-1